AoeStats
← Dieguin

Arabia

509970536Analyzed
1v1 RM · 4d ago on Sep 28, 2026· 31m 50s· 2 players
Game mode
Random Map
Map size
Tiny (2 player)
Population
200
Speed
Normal
Resources
Standard
Victory
Conquest
Starting age
Dark Age
Ending age
Imperial Age
RankedLock teamsTeams togetherTeam positionsShared explorationLock speedFull tech treeHidden civsTurbo modeCheats
Victory
Defeat
🇨🇴 Cumans · Colombia
766
+14
🇨🇿 Wei · Czechia
714
-14
Lightning
8:09 Loom
10:12 Feudal Age
12:02 Bloodlines
15:23 Double-Bit Axe
17:15 Horse Collar
22:46 Man-at-Arms
23:56 Fletching
24:11 Scale Barding Armor
28:59 Castle Age
30:04 Wheelbarrow
30:51 Bodkin Arrow
31:17 Chain Barding Armor
31:08 Forging
Dieguin
8:15 Loom
10:33 Feudal Age
11:56 Double-Bit Axe
29:17 Fletching
29:29 Scale Mail Armor
32:37 Castle Age
Connection lost

Rejoining the realm…

Still unreachable

The connection could not be restored.

Session expired

The server has moved on; the page needs a fresh start.